 Dungeon Crawl Stone Soup version 0.24.0-123-gd5b16e6ec5 (webtiles) character file.

Game seed: 13853723809747986814, levelgen mode: deterministic

186 DarthUnicorn the Skirmisher (level 5, 0/53 HPs)
             Began as an Ogre Skald on Jan 9, 2020.
             Slain by an orc priest
             ... wielding a +6 short sword
              (9 damage)
             ... on level 3 of the Dungeon.
             The game lasted 00:14:55 (2810 turns).

DarthUnicorn the Skirmisher (Ogre Skald)            Turns: 2810, Time: 00:14:56

Health: 0/53       AC:  3    Str: 16    XL:     5   Next: 66%
Magic:  4/9        EV: 10    Int: 14    God:
Gold:   157        SH:  0    Dex: 12    Spells: 2/10 levels left

rFire    . . .     SeeInvis .   a - +0 mace
rCold    . . .     Gourm    .   (no shield)
rNeg     . . .     Faith    .   b - +0 robe
rPois    .         Spirit   .   (helmet restricted)
rElec    .         Reflect  .   (no cloak)
rCorr    .         Harm     .   (gloves unavailable)
MR       .....                  (boots unavailable)
Stlth    +.........             (no amulet)
HPRegen  0.17/turn              c - +4 ring of dexterity
MPRegen  0.11/turn              (no ring)

@: infused (expiring), very slightly contaminated
A: large, unfitting armour, tough skin 1
a: no special abilities


You were on level 3 of the Dungeon.
You were not hungry.

You visited 1 branch of the dungeon, and saw 3 of its levels.

You collected 157 gold pieces.

Inventory:

Hand Weapons
 a - a +0 mace (weapon)
Missiles
 e - 6 poisoned darts (quivered)
Armour
 b - a +0 robe (worn)
Jewellery
 c - a +4 ring of dexterity (left hand)
Scrolls
 h - 2 scrolls of fog
 j - a scroll of magic mapping
 l - a scroll of teleportation {unknown}
Potions
 g - a potion of berserk rage
 i - 2 potions of brilliance {unknown}
 k - a potion of flight {unknown}
 m - a potion of heal wounds
 n - a potion of might {unknown}
Comestibles
 d - 5 rations
 f - 3 chunks of flesh


   Skills:
 + Level 3.5 Fighting
 + Level 3.1 Maces & Flails
 * Level 1.7 Armour
 + Level 2.6 Dodging
 + Level 3.0 Spellcasting
 + Level 3.2 Charms
 - Level 0.3 Translocations


You had 2 spell levels left.
You knew the following spells:

 Your Spells              Type           Power        Failure   Level  Hunger
a - Infusion              Chrm           ##..         6%          1    #......
b - Song of Slaying       Chrm           ##......     9%          2    ##.....
c - Shroud of Golubria    Chrm/Tloc      #.....       16%         2    ##.....
d - Spectral Weapon       Hex/Chrm       #.......     32%         3    ###....

Your spell library contained the following spells:

 Spells                   Type           Power        Failure   Level  Hunger
 Regeneration             Chrm/Necr      #.........   32%         3    ###....


Dungeon Overview and Level Annotations

Branches:
Dungeon (3/15)

Altars:
Yredelemnul

Annotations:
D:3 1 runed translucent door


Innate Abilities, Weirdness & Mutations

You are too large for most types of armour.
You have tough skin. (AC +1)


Message History

The orc priest is lightly wounded.
Your shroud unravels.
The orc priest calls down the wrath of Beogh upon you.
Pain shoots through your body!
The orc priest hits you with a +6 short sword.
You hit the orc priest.
The orc priest is moderately wounded.
Your magical infusion is running out.
The orc priest casts a cantrip, but nothing happens.
You hit the orc priest.
The orc priest is heavily wounded.
The orc priest hits you with a +6 short sword.
You hit the orc priest.
The orc priest is severely wounded.
The orc priest hits you with a +6 short sword!
* * * LOW HITPOINT WARNING * * *
You hit the orc priest but do no damage.
The orc priest is severely wounded.
The orc priest hits you with a +6 short sword!
You die...

#.# #.# #.# #########.#
#.........# #.######..# #####
########.##......# ....#
#.........#.###... ....#
#@.)......#...#..[
....############o.......(..#..#..
....o...(o(((.(...........(......
....######################..##...
....# #.......# #....#..
##..########.....(.# #....#.#
#.....8##..........#### #.#.....
.......#####..........## #.#.##..
#.....######...######..# #.#...#(


You could see an orc priest.

Vanquished Creatures
  A howler monkey (D:3)
  Terence (D:2)
  Robin (D:2)
  3 adders
  2 oozes
  A dart slug (D:1)
  A leopard gecko (D:3)
  3 orcs (D:3)
  A ball python (D:1)
  6 giant cockroaches
  11 goblins
  13 hobgoblins
  6 jackals
  2 kobolds
  2 quokkas
  6 bats
  3 frilled lizards
  6 rats
69 creatures vanquished.

Notes
Turn   | Place    | Note
-------+----------+-------------------------------------------
     0 | D:1      | DarthUnicorn the Ogre Skald began the quest for the Orb.
     0 | D:1      | Reached XP level 1. HP: 22/22 MP: 3/3
   232 | D:1      | Reached XP level 2. HP: 29/29 MP: 1/5
   372 | D:1      | Learned a level 2 spell: Song of Slaying
   375 | D:1      | Learned a level 2 spell: Shroud of Golubria
   543 | D:2      | Reached XP level 3. HP: 18/36 MP: 3/6
   629 | D:2      | Reached skill level 1 in Armour
   640 | D:2      | Noticed Robin
  1148 | D:2      | Noticed Terence
  1374 | D:2      | Killed Terence
  1374 | D:2      | Reached XP level 4. HP: 31/45 MP: 1/8
  1631 | D:2      | Learned a level 3 spell: Spectral Weapon
  1875 | D:3      | Reached XP level 5. HP: 24/53 MP: 4/9
  2008 | D:3      | Noticed a human
  2009 | D:3      | Found a runed translucent door.
  2013 | D:3      | Found a basalt altar of Yredelemnul.
  2072 | D:2      | Killed Robin
  2810 | D:3      | Slain by an orc priest

Levels and vault maps discovered:
D:1:      mrwooster_arrival_statue_2, layout_loops_cross
D:2:      layout_basic, uniq_robin, uniq_terence
D:3:      layout_basic, chequers_serial_rivers_micro_c, hangedman_decor_points,
          dk_yredelemnul_ordeal

Skill      XL: |  1  2  3  4  5 |
---------------+----------------+-----
Charms         | 3 |  3.2
Maces & Flails | 2 3 |  3.1
Armour         | 1 |  1.7
Fighting       | 3 |  3.5
Spellcasting   | 3 |  3.0
Dodging        | |  2.6
Translocations | |  0.3

Action                   |  1- 3 |  4- 6 || total
-------------------------+-------+-------++-------
Melee: Mace              |   136 |   137 ||   273
 Cast: Infusion          |     6 |     3 ||     9
       Shroud of Golubri |     9 |    14 ||    23
       Song of Slaying   |     1 |     1 ||     2
  Use: Potion            |     1 |     1 ||     2
       Scroll            |       |     5 ||     5
 Stab: Sleeping          |       |     1 ||     1
  Eat: Chunk             |     1 |     7 ||     8
Armor: Robe              |    38 |    44 ||    82
       Skin              |       |    38 ||    38
Dodge: Dodged            |    87 |    93 ||   180
